 Dungeon Crawl Stone Soup version 0.27-a0-463-gec7707c53d (webtiles) character file.

Game seed: 2812527788685189045

121 srzhan31 the Vexing (level 4, -1/25 HPs)
             Began as a Deep Elf Arcane Marksman on Mar 1, 2021.
             Slain by Ijyb
             ... wielding a +0 dagger
              (5 damage)
             ... on level 3 of the Dungeon.
             The game lasted 00:19:50 (2630 turns).

srzhan31 the Vexing (Deep Elf Arcane Marksman)      Turns: 2630, Time: 00:19:51

Health: -1/25      AC:  5    Str:  7    XL:     4   Next: 76%
Magic:  9/9        EV: 13    Int: 18    God:
Gold:   178        SH:  0    Dex: 16    Spells: 6/7 levels left

rFire    . . .     SeeInvis .   l - +0 dagger
rCold    . . .     Faith    .   (no shield)
rNeg     . . .     Spirit   .   e - +0 robe
rPois    .         Reflect  .   b - +2 helmet
rElec    .         Harm     .   (no cloak)
rCorr    .         Rampage  .   (no gloves)
Will     .....                  (no boots)
Stlth    ++........             (no amulet)
HPRegen  0.08/turn              (no ring)
MPRegen  0.11/turn              (no ring)

@: no status effects
A: no striking features
a: no special abilities


You were on level 3 of the Dungeon.
You visited 1 branch of the dungeon, and saw 3 of its levels.

You collected 178 gold pieces.

Inventory:

Hand Weapons
 a - a +0 shortbow
 l - a +0 dagger (weapon)
Armour
 b - a +2 helmet (worn)
 e - a +0 robe (worn)
Jewellery
 j - a ring of ice
Scrolls
 f - a scroll of magic mapping {unknown}
 g - 2 scrolls of noise
Potions
 c - 2 potions of lignification {unknown}
 n - 2 potions of curing


   Skills:
 + Level 1.3 Fighting
 + Level 4.5 Bows
 * Level 3.1 Dodging
 + Level 0.2 Stealth
 * Level 2.4 Spellcasting
 * Level 5.1 Hexes


You had 6 spell levels left.
You knew the following spells:

 Your Spells              Type           Power        Failure   Level
a - Corona                Hex            22%          1%          1

Your spell library contained the following spells:

 Spells                   Type           Power        Failure   Level
 Slow                     Hex            20%          3%          2
 Inner Flame              Hex/Fire       11%          19%         3
 Portal Projectile        Hex/Tloc       22%          19%         3
 Cause Fear               Hex            10%          21%         4
 Leda's Liquefaction      Hex/Erth       5%           52%         4


Dungeon Overview and Level Annotations

Branches:
Dungeon (3/15)

Altars:
Nemelex Xobeh
Qazlal

Annotations:
D:3 Ijyb


Message History

Aim: Ijyb, wielding a +0 dagger, wearing a +0 chain mail and carrying a wand of digging (5) (almost dead, softly glowing, about 19% to evade your +0 dagger)
You hit Ijyb but do no damage.
Ijyb is almost dead.
Ijyb screams, "Get away!"
Ijyb hits you but does no damage.
Hit: l) +0 dagger
Press: ? - help, Dir - move target, f/p - Ijyb
Aim: Ijyb, wielding a +0 dagger, wearing a +0 chain mail and carrying a wand of digging (5) (almost dead, softly glowing, about 19% to evade your +0 dagger)
You hit Ijyb but do no damage.
Ijyb is almost dead.
Ijyb stops glowing.
Ijyb misses you.
Hit: l) +0 dagger
Press: ? - help, Dir - move target, f/p - Ijyb
Aim: Ijyb, wielding a +0 dagger, wearing a +0 chain mail and carrying a wand of digging (5) (almost dead, about 36% to evade your +0 dagger)
You hit Ijyb but do no damage.
Ijyb is almost dead.
Ijyb hits you but does no damage.
Hit: l) +0 dagger
Press: ? - help, Dir - move target, f/p - Ijyb
Aim: Ijyb, wielding a +0 dagger, wearing a +0 chain mail and carrying a wand of digging (5) (almost dead, about 36% to evade your +0 dagger)
You hit Ijyb but do no damage.
Ijyb is almost dead.
Ijyb completely misses you.
Hit: l) +0 dagger
Press: ? - help, Dir - move target, f/p - Ijyb
Aim: Ijyb, wielding a +0 dagger, wearing a +0 chain mail and carrying a wand of digging (5) (almost dead, about 36% to evade your +0 dagger)
You hit Ijyb but do no damage.
Ijyb is almost dead.
Ijyb closely misses you.
You barely miss Ijyb.
Ijyb is almost dead.
Ijyb misses you.
You hit Ijyb but do no damage.
Ijyb is almost dead.
Ijyb hits you with a +0 dagger.
* * * LOW HITPOINT WARNING * * *
You hit Ijyb but do no damage.
Ijyb is almost dead.
Ijyb hits you with a +0 dagger.
You die...

.#รท##.#####...##.#
......##.........#
.#...............#
...##.##.........#
.#.##.#####...##.#
..........#...##.#
.#.##.....#...##.#
..........######.#####
##.##.....# #..@g..(#
..........# #.#.#.#.#
##.#####.## #..#.##..
##.# .# #. #?. ..#
.... .# #. ##. .# ##.#
# .. # #.# .. .##


You could see Ijyb.

Vanquished Creatures
  Jessica (D:3)
  4 adders
  A worm (D:2)
  3 dart slugs
  An orc (D:2)
  A ball python (D:2)
  3 giant cockroaches
  3 hobgoblins (D:2)
  3 jackals (D:2)
  6 kobolds (D:2)
  A quokka (D:2)
  4 bats
  4 frilled lizards
  7 goblins
  8 rats
50 creatures vanquished.

Notes
Turn   | Place    | Note
-------+----------+-------------------------------------------
     0 | D:1      | srzhan31 the Deep Elf Arcane Marksman began the quest for
                  | the Orb.
     0 | D:1      | Reached XP level 1. HP: 11/11 MP: 5/5
   705 | D:1      | Reached XP level 2. HP: 13/16 MP: 6/6
   873 | D:2      | Reached XP level 3. HP: 20/20 MP: 7/7
  1020 | D:2      | Reached skill level 1 in Fighting
  1264 | D:2      | Reached skill level 5 in Hexes
  1264 | D:2      | Reached XP level 4. HP: 22/25 MP: 7/9
  2193 | D:3      | Found a sparkling altar of Nemelex Xobeh.
  2209 | D:3      | Noticed Jessica
  2224 | D:3      | Killed Jessica
  2288 | D:3      | Found a stormy altar of Qazlal.
  2586 | D:3      | Noticed Ijyb
  2630 | D:3      | Slain by Ijyb

Illustrated notes

Levels and vault maps discovered:
D:1:      dpeg_arrival_simpleton_b, layout_loops_cross
D:2:      layout_basic
D:3:      layout_loops_cross, nemelex_xobeh_ov_fountains_minmay,
          nicolae_qazlal_general_emergency, uniq_jessica, uniq_ijyb

Skill      XL: |  1  2  3  4 |
---------------+-------------+-----
Bows           | 3 4 |  4.5
Fighting       | 1 |  1.3
Spellcasting   | 2 |  2.4
Hexes          | 5 |  5.1
Dodging        | 3 |  3.1
Stealth        | |  0.2

Action                   |  1- 3 |  4- 6 || total
-------------------------+-------+-------++-------
Melee: Dagger            |    14 |    11 ||    25
 Fire: Shortbow          |    93 |    79 ||   172
 Cast: Corona            |     2 |     8 ||    10
  Use: Scroll            |     6 |       ||     6
       Potion            |     1 |       ||     1
Armor: Robe              |    22 |    17 ||    39
Dodge: Dodged            |    30 |    42 ||    72

Table legend: (Time is in decaauts)
 A = Elapsed time spent in this place.
 B = Non-inter-level travel time spent in this place.
 C = Inter-level travel time spent in this place.
 D = Time resting spent in this place.
 E = Time spent auto-exploring this place.
 F = Levels seen in this place.
 G = Mean time per level.
                   A        B        C        D        E       F      G
               +--------+--------+--------+--------+--------+-----+--------+
         Total |   2643 |   2643 |      0 |      0 |      0 |   3 |  881.0 |
       Dungeon |   2643 |   2643 |      0 |      0 |      0 |   3 |  881.0 |
               +--------+--------+--------+--------+--------+-----+--------+

Top non-repeatable levels by time:
     D:2: 1368 daAuts
     D:1: 765 daAuts
     D:3: 509 daAuts
